 Dungeon Crawl Stone Soup version 0.31-a0-1082-g7d1fb776a8 (webtiles) character file.

Game seed: 3489027578534936901

201 Armakuni the Ruffian (level 5, -1/33 HPs)
             Began as an Octopode Shapeshifter on Nov 27, 2023.
             Slain by a kobold
             ... wielding a +0 dagger
              (3 damage)
             ... on level 4 of the Dungeon.
             The game lasted 00:10:38 (2666 turns).

Armakuni the Ruffian (Octopode Shapeshifter)        Turns: 2666, Time: 00:10:39

Health: -1/33      AC:  1    Str: 14    XL:     5   Next: 79%
Magic:  14/14      EV: 13    Int: 14    God:
Gold:   822        SH:  0    Dex: 16    Spells: 4/5 levels left

rFire   + . .        a - +9 club
rCold   . . .        (no shield)
rNeg    . . .        (helmet currently unavailable)
rPois   .            M - amulet of magic regeneration
rElec   .            F - ring of Laemaer {rF+ MP+9 Dex+5}
rCorr   .            (no ring)
SInv    .            (no ring)
Will    .....        (no ring)
Stlth   ++           (no ring)
HPRegen 0.25/turn    (no ring)
MPRegen 0.54/turn    (no ring)
                     (no ring)

%: no passive effects
@: beast-form, weakened
A: beast (slay +2), almost no armour, amphibious, 8 rings, camouflage 1,
gelatinous body 1, (nimble swimmer 1), tentacles
a: Begin Untransformation


You were on level 4 of the Dungeon.
You were a hulking beast.
You visited 1 branch of the dungeon, and saw 4 of its levels.

You collected 1083 gold pieces.
You spent 261 gold pieces at shops.

Inventory:

Hand Weapons
 a - a +9 club (weapon)
Missiles
 j - 5 curare-tipped darts
Magical Staves
 b - a staff of earth
Jewellery
 F - the ring of Laemaer (left tentacle) {rF+ MP+9 Dex+5}
   (You acquired it on level 2 of the Dungeon)

   [ring of magical power]

   Dex+5:     It affects your dexterity (+5).
   rF+:       It protects you from fire.
   MP+9:      It affects your magic capacity (+9).
 M - an amulet of magic regeneration (around mantle)
Talismans
 g - a beast talisman (active)
Scrolls
 l - a scroll of vulnerability
Potions
 c - a potion of mutation
 d - 2 potions of haste
 e - 2 potions of curing
 f - a potion of invisibility
 h - a potion of might
 k - 2 potions of lignification
 m - a potion of enlightenment {unknown}


   Skills:
 - Level 1.0 Fighting
 - Level 2.0 Dodging
 - Level 4.8 Unarmed Combat
 + Level 0.6 Spellcasting
 + Level 0.9 Conjurations
 + Level 0.7 Air Magic
 - Level 4.2 Shapeshifting


You had 4 spell levels left.
You knew the following spells:

 Your Spells              Type           Power      Damage    Failure   Level
z - Shock                 Conj/Air       8%         1d3       21%         1

Your spell library contained the following spells:

 Spells                   Type           Power      Damage    Failure   Level
 Sublimation of Blood     Necr           0%         N/A       38%         2
 Swiftness                Air            2%         N/A       52%         3
 Airstrike                Air            1%         2d(1-17)  90%         4
 Petrify                  Tmut/Erth      0%         N/A       95%         4
 Irradiate                Conj/Tmut      0%         3d11      99%         5


Dungeon Overview and Level Annotations

Branches:
Dungeon (4/15)
 Temple: D:4-7

Altars:
Elyvilon
Nemelex Xobeh

Shops:
D:2 !*


Innate Abilities, Weirdness & Mutations

You are a hulking beast.
Your limbs bulge with bestial killing power. (Slay +2)
You cannot wear most types of armour.
You are amphibious.
You can wear up to eight rings at the same time.
Your skin changes colour to match your surroundings (Stealth+).
Your rubbery body absorbs attacks. (AC +1, EV +1)
((You are camouflaged when in or above water. (Stealth+)))
You have tentacles for arms and can constrict up to eight enemies at once.


Message History

Press: ? - help, Q - select action, (/) - cycle Shift-Dir - straight line, f/p - gnoll bouda
Aim: a gnoll bouda, wielding a +0 club and wearing a +0 leather armour (lightly wounded, 69% to hit)
You miscast Shock.
You are very lightly contaminated with residual magic.
Nothing appears to happen.
The gnoll bouda barely misses you.
You hit the gnoll bouda but do no damage.
Your grab misses the gnoll bouda.
The gnoll bouda is lightly wounded.
The gnoll bouda completely misses you.
The gnoll bouda hits you with a +0 club.
You hit the gnoll bouda. You grab the gnoll bouda.
The gnoll bouda is lightly wounded.
You constrict the gnoll bouda. The kobold barely misses you.
The gnoll bouda barely misses you.
You hit the gnoll bouda.
The gnoll bouda is heavily wounded.
You constrict the gnoll bouda. The kobold hits you with a +0 dagger.
The gnoll bouda hits you with a +0 club!
You hit the gnoll bouda. You squeeze the gnoll bouda.
The gnoll bouda is severely wounded.
Your attacks no longer feel as feeble.
You constrict the gnoll bouda. The kobold hits you with a +0 dagger.
The gnoll bouda barely misses you. The kobold misses you.
The gnoll bouda hits you with a +0 club!
* * * LOW HITPOINT WARNING * * *
You hit the gnoll bouda but do no damage.
The gnoll bouda is almost dead.
You constrict the gnoll bouda, but do no damage.
The kobold hits you with a +0 dagger.
* * * LOW HITPOINT WARNING * * *
The gnoll bouda gazes fiercely through you!
You feel your attacks grow feeble. The gnoll bouda barely misses you.
Your magical contamination has completely faded away.
You hit the gnoll bouda but do no damage.
You squeeze the gnoll bouda.
You kill the gnoll bouda!
The kobold hits you with a +0 dagger.
You die...

.##..##..[##......###..##
....................)....
.........................
.<.......................
.........................
.........>...............
...####.....####...##...#
##########'#####)K.# #
...........>#.>.h..#
............#......#
............#......#
............#......#
)..)........#......#
.####.##.(..####...# .#
############...# .+
#.......#....# .#
#.......#....#


You could see a kobold.

Vanquished Creatures
  A hound (D:2)
  A gnoll bouda (D:4)
  Jessica (D:2)
  3 gnolls (D:4)
  4 adders
  A worm (D:2)
  4 dart slugs
  2 orcs
  3 endoplasms
  4 giant cockroaches
  9 goblins
  4 hobgoblins
  3 quokkas
  9 ball pythons
  4 bats (D:1)
  3 frilled lizards
  11 kobolds
  2 rats (D:1)
69 creatures vanquished.

Notes
Turn   | Place    | Note
-------+----------+-------------------------------------------
     0 | D:1      | Armakuni the Octopode Shapeshifter began the quest for the
                  | Orb.
     0 | D:1      | Reached XP level 1. HP: 13/13 MP: 1/1
   121 | D:1      | Reached XP level 2. HP: 18/18 MP: 2/2
   397 | D:1      | Reached XP level 3. HP: 20/23 MP: 3/3
  1001 | D:2      | Reached XP level 4. HP: 15/28 MP: 4/4
  1092 | D:2      | Identified 2 scrolls of acquirement
  1092 | D:2      | Acquired the ring of Laemaer {rF+ MP+9 Dex+5}
  1202 | D:2      | Noticed Jessica
  1208 | D:2      | Killed Jessica
  1209 | D:2      | Reached XP level 5. HP: 24/33 MP: 5/5
  1280 | D:2      | Found Qyigun's Assorted Antiques.
  1289 | D:2      | Bought a scroll labelled ZINUK QUEBB for 15 gold pieces
  1289 | D:2      | Acquired 923 gold pieces
  1291 | D:2      | Bought a yellow potion for 13 gold pieces
  1291 | D:2      | Bought a scroll labelled ZINUK QUEBB for 15 gold pieces
  1291 | D:2      | Bought an orange potion for 13 gold pieces
  1291 | D:2      | Bought a tiny zirconium amulet for 75 gold pieces
  1559 | D:2      | Found Feogurung's Distillery.
  1564 | D:2      | Bought a potion of might for 52 gold pieces
  1564 | D:2      | Bought a potion of lignification for 39 gold pieces
  1564 | D:2      | Bought a potion of lignification for 39 gold pieces
  1892 | D:3      | Noticed a glass eye
  1895 | D:3      | Found a faded altar of an unknown god.
  1897 | D:3      | Noticed a glass eye
  1897 | D:3      | Noticed a golden eye
  1897 | D:3      | Noticed a shining eye
  2024 | D:3      | Learned a level 1 spell: Shock
  2061 | D:3      | Found a sparkling altar of Nemelex Xobeh.
  2591 | D:4      | Identified the +0 robe "Soegeeh" {rF++ Regen+}
  2604 | D:4      | Found a white marble altar of Elyvilon.
  2666 | D:4      | Slain by a kobold

Illustrated notes

Levels and vault maps discovered:
D:1:      lightli_arrival_farm, layout_basic, amcnicky_mini_pool_small,
          serial_bayou_pond_b
D:2:      layout_loops_ring, serial_shops, shop, shop, uniq_jessica
D:3:      layout_loops_cross, lemuel_round_altar,
          hellmonk_ecumenical_altar_watching_god
D:4:      layout_gridville, kennysheep_little_box, solitary_fountain

Skill      XL: |  1  2  3  4 |
---------------+-------------+-----
Unarmed Combat | 4 |  4.8
Shapeshifting  | 4 |  4.2
Fighting       | |  1.0
Dodging        | |  2.0
Spellcasting   | |  0.6
Conjurations   | |  0.9
Air Magic      | |  0.7

Action                     |  1- 3 |  4- 6 || total
---------------------------+-------+-------++-------
  Melee: Unarmed           |    73 |     6 ||    79
         Constrict         |    16 |    11 ||    27
         Tentacles         |     6 |     9 ||    15
         Punch             |     1 |     1 ||     2
         Club              |       |    36 ||    36
  Throw: Dart              |       |     3 ||     3
   Cast: Shock             |       |     9 ||     9
    Use: Potion            |     1 |     1 ||     2
         Scroll            |       |    14 ||    14
   Stab: Sleeping          |     8 |     3 ||    11
         Distracted        |     1 |       ||     1
 Armour: Skin              |    39 |    25 ||    64
  Dodge: Dodged            |    28 |    35 ||    63
   Form: Beast             |     1 |       ||     1

Table legend: (Time is in decaauts)
 A = Elapsed time spent in this place.
 B = Non-inter-level travel time spent in this place.
 C = Inter-level travel time spent in this place.
 D = Time resting spent in this place.
 E = Time spent auto-exploring this place.
 F = Levels seen in this place.
 G = Mean time per level.
                   A        B        C        D        E       F      G
               +--------+--------+--------+--------+--------+-----+--------+
         Total |   2669 |   2582 |     87 |    278 |   1585 |   4 |  667.2 |
       Dungeon |   2669 |   2582 |     87 |    278 |   1585 |   4 |  667.2 |
               +--------+--------+--------+--------+--------+-----+--------+

Top non-repeatable levels by time:
     D:1: 917 daAuts
     D:2: 879 daAuts
     D:3: 593 daAuts
     D:4: 279 daAuts
